 Dungeon Crawl Stone Soup version 0.30-a0-824-g6c64550be9 (webtiles) character file.

Game seed: 6502461970615530499

19 Pimp the Insei (level 2, -3/18 HPs)
             Began as an Octopode Transmuter on Feb 27, 2023.
             Slain by a kobold
             ... wielding a +0 whip
              (5 damage)
             ... on level 1 of the Dungeon.
             The game lasted 00:00:34 (330 turns).

Pimp the Insei (Octopode Transmuter)                 Turns: 330, Time: 00:00:35

Health: -3/18      AC:  1    Str:  9    XL:     2   Next: 75%
Magic:  5/5        EV: 10    Int: 15    God:
Gold:   16         SH:  0    Dex: 12    Spells: 4/5 levels left

rFire   . . .      SeeInvis .      - Unarmed
rCold   . . .      Faith    .    (no shield)
rNeg    . . .      Spirit   .    (helmet restricted)
rPois   .          Reflect  .    (no amulet)
rElec   .          Harm     .    (no ring)
rCorr   .          Rampage  .    (no ring)
Will    .....                    (no ring)
Stlth   ++                       (no ring)
HPRegen 0.23/turn                (no ring)
MPRegen 0.09/turn                (no ring)
                                 (no ring)
                                 (no ring)

@: constricted
A: almost no armour, amphibious, 8 rings, camouflage 1, gelatinous body 1,
(nimble swimmer 1), tentacles
a: no special abilities


You were on level 1 of the Dungeon.
You visited 1 branch of the dungeon, and saw 1 of its levels.

You collected 16 gold pieces.

Inventory:

Jewellery
 c - an amulet of regeneration
Potions
 a - a potion of lignification
 b - a potion of heal wounds {unknown}


   Skills:
 + Level 1.4 Fighting
 + Level 2.2 Dodging
 + Level 3.2 Unarmed Combat
 + Level 2.2 Spellcasting
 + Level 2.2 Transmutations


You had 4 spell levels left.
You knew the following spells:

 Your Spells              Type           Power      Damage    Failure   Level
a - Beastly Appendage     Tmut           16%        N/A       9%          1

Your spell library contained the following spells:

 Spells                   Type           Power      Damage    Failure   Level
 Wereblood                Tmut           8%         N/A       13%         2
 Spider Form              Tmut/Pois      5%         N/A       38%         3
 Ice Form                 Ice/Tmut       5%         N/A       80%         4


Dungeon Overview and Level Annotations

Branches:
Dungeon (1/15)

Altars:


Innate Abilities, Weirdness & Mutations

You cannot wear most types of armour.
You are amphibious.
You can wear up to eight rings at the same time.
Your skin changes colour to match your surroundings (Stealth+).
Your rubbery body absorbs attacks. (AC +1, EV +1)
((You are camouflaged when in or above water. (Stealth+)))
You have tentacles for arms and can constrict up to eight enemies at once.


Message History

You kill the hobgoblin!
The helpless kobold fails to defend itself.
You tentacle-slap the kobold but do no damage.
You grab the kobold. You constrict the kobold. The ball python bites you.
The ball python closely misses you. The kobold closely misses you.
You release your grip on the kobold.
The ball python attacks as you move away!
The ball python bites you. The ball python closely misses you.
The kobold misses you.
The endoplasm quivers.
You tentacle-slap the endoplasm.
The endoplasm is almost dead.
The ball python bites you but does no damage.
The ball python grabs you. The ball python constricts you.
The endoplasm hits you. The kobold hits you with a +0 whip.
You tentacle-slap the endoplasm.
You kill the endoplasm!
The ball python bites you but does no damage.
The ball python constricts you. The ball python bites you.
The ball python constricts you. The kobold hits you with a +0 whip.
* * * LOW HITPOINT WARNING * * *
You barely miss the kobold. You grab the kobold.
The kobold is moderately wounded.
You constrict the kobold, but do no damage.
The ball python bites you.
* * * LOW HITPOINT WARNING * * *
The ball python constricts you.
* * * LOW HITPOINT WARNING * * *
You tentacle-slap the ball python. Your grab misses the ball python.
The ball python is moderately wounded.
You constrict the kobold, but do no damage.
The kobold barely misses you. The ball python bites you.
* * * LOW HITPOINT WARNING * * *
The ball python constricts you.
You tentacle-slap the ball python but do no damage.
You grab the ball python.
The ball python is moderately wounded.
You constrict the ball python. You constrict the kobold.
The kobold hits you with a +0 whip.
You die...

......#.#.........#
......#....#.....##
......#..###.....####
.....................
####.##.##.#.)....###
####.......#......#
.........###......#
.........# #....SK#
.........# #.$..@.#
.........# #.........#
.............####.#..#
........####. .#..#
......... #. .# .#
........# ## .. .
.#....### .. #.
.#..### ... .#..#


You could see a ball python and a kobold.

Vanquished Creatures
  A bat (D:1)
  5 endoplasms (D:1)
  2 goblins (D:1)
  4 hobgoblins (D:1)
  2 kobolds (D:1)
  A rat (D:1)
15 creatures vanquished.

Notes
Turn   | Place    | Note
-------+----------+-------------------------------------------
     0 | D:1      | Pimp the Octopode Transmuter began the quest for the Orb.
     0 | D:1      | Reached XP level 1. HP: 13/13 MP: 3/3
    38 | D:1      | Reached XP level 2. HP: 9/18 MP: 5/5
   330 | D:1      | Slain by a kobold

Illustrated notes

Levels and vault maps discovered:
D:1:      dpeg_arrival_long_road, layout_basic

Action                     || total
---------------------------++-------
  Melee: Unarmed           ||    40
         Constrict         ||    10
         Tentacles         ||     4
   Stab: Sleeping          ||     2
 Armour: Skin              ||     2
  Dodge: Dodged            ||    24

Table legend: (Time is in decaauts)
 A = Elapsed time spent in this place.
 B = Non-inter-level travel time spent in this place.
 C = Inter-level travel time spent in this place.
 D = Time resting spent in this place.
 E = Time spent auto-exploring this place.
 F = Levels seen in this place.
 G = Mean time per level.
                   A        B        C        D        E       F      G
               +--------+--------+--------+--------+--------+-----+--------+
         Total |    327 |    327 |      0 |     71 |    164 |   1 |  327.0 |
       Dungeon |    327 |    327 |      0 |     71 |    164 |   1 |  327.0 |
               +--------+--------+--------+--------+--------+-----+--------+

Top non-repeatable levels by time:
     D:1: 327 daAuts
